 Dungeon Crawl Stone Soup version 0.21-a0-360-g65c131b (webtiles) character file.

22 Ordine the Magician (level 2, -1/15 HPs)
             Began as a Deep Elf Wizard on Oct 12, 2017.
             Slain by a kobold (4 damage)
             ... on level 1 of the Dungeon on Oct 13, 2017.
             The game lasted 00:03:41 (1209 turns).

Ordine the Magician (Deep Elf Wizard)               Turns: 1209, Time: 00:03:42

Health: -1/15      AC:  3    Str:  4    XL:     2   Next: 68%
Magic:  7/9        EV: 13    Int: 22    God:
Gold:   75         SH:  0    Dex: 13    Spells: 7/10 levels left

rFire    . . .     SeeInvis .   j - +3 dagger
rCold    . . .     Gourm    .   (no shield)
rNeg     . . .     Faith    .   a - +0 robe
rPois    .         Spirit   .   e - +0 helmet
rElec    .         Reflect  .   (no cloak)
rCorr    .         Harm     .   (no gloves)
MR       .....                  (no boots)
Stlth    ++........             (no amulet)
HPRegen  0.05/turn              (no ring)
MPRegen  0.11/turn              (no ring)

@: lethally poisoned (-1 -> -13), very slightly contaminated
A: no striking features
a: no special abilities


You were on level 1 of the Dungeon.
You were not hungry.

You visited 1 branch of the dungeon, and saw 2 of its levels.

You collected 75 gold pieces.

Inventory:

Hand Weapons
 j - a +3 dagger (weapon)
Armour
 a - a +0 robe (worn)
 e - a +0 helmet (worn)
Jewellery
 i - an uncursed ring of magical power {unknown}
 l - a cursed ring of loudness {unknown}
Potions
 b - a potion of degeneration {unknown}
 f - a potion of agility {unknown}
 g - a potion of flight {unknown}
 h - a potion of heal wounds {unknown}
Books
 c - a book of Minor Magic

   Spells                             Type                      Level
   a - Magic Dart                     Conjuration                  1
   b - Blink                          Translocation                2
   c - Call Imp                       Summoning                    2
   d - Slow                           Hexes                        2
   e - Conjure Flame                  Conjuration/Fire             3
   f - Mephitic Cloud                 Conjuration/Poison/Air       3
Comestibles
 d - 4 bread rations
 k - a meat ration


   Skills:
 + Level 2.8 Dodging
 + Level 2.8 Stealth
 + Level 4.6 Spellcasting
 * Level 2.0 Conjurations
   Level 1.1 Summonings
 + Level 1.2 Translocations


You had 7 spell levels left.
You knew the following spells:

 Your Spells              Type           Power        Failure   Level  Hunger
a - Magic Dart            Conj           ##..         4%          1    None
b - Blink                 Tloc           N/A          10%         2    None


Dungeon Overview and Level Annotations

Branches:
Dungeon (2/15)

Altars:


Message History

You start resting.
Magic restored.
You climb downwards.
The adder bites you.
You are poisoned.
The adder poisons you! The kobold hits you. The adder bites you.
You are lethally poisoned!
The adder poisons you! The kobold closely misses you.
There is a stone staircase leading up here.
You feel sick. The adder barely misses you. The kobold closely misses you.
You climb upwards.
You feel sick.
There is a stone staircase leading down here.
Casting: Magic Dart
Confirm with . or Enter, or press ? or * to list all spells.
You miscast Blink.
You are very lightly contaminated with residual magic.
The floor and the ceiling briefly switch places.
You feel sick. The adder bites you.
* * * LOW HITPOINT WARNING * * *
The kobold hits you.
You die...

.##.##....##.# #.##.##.# #.##..#
.##.......##.# #.......# #.##..#
######...###.# ####.#### #.....#
#.......######.########..##
##.#######.........# #.## #.#
#.###.###.# #.# ##'## #.###.# #.#
#.# ##...## #.K...# #.# #.#
##.....## #.@#### #.# #.####
##.......## #S..#####.# #.##.#
###.........###......##.####.#...
..'.........'....................
###>.......(####...#.#######.#...
##.......## ##.##.# #.......#
##.....## ####.# #.##.#.##
##...## #.# #.##.#.# ##'## #.#
#.##...#


You could see an adder and a kobold.

Vanquished Creatures
  An ooze (D:2)
  A dart slug (D:1)
  2 bats (D:2)
  3 giant cockroaches
  3 goblins (D:2)
  A ball python (D:1)
  A frilled lizard (D:2)
  3 kobolds
  A rat (D:1)
16 creatures vanquished.

Notes
Turn   | Place    | Note
-------+----------+-------------------------------------------
     0 | D:1      | Ordine the Deep Elf Wizard began the quest for the Orb.
     0 | D:1      | Reached XP level 1. HP: 10/10 MP: 7/7
   921 | D:1      | Reached XP level 2. HP: 12/15 MP: 3/9
   967 | D:1      | Learned a level 2 spell: Blink
  1209 | D:1      | Slain by a kobold

Vault maps used:
D:1:      dpeg_arrival_tiny_a
D:2:      okawaru_metal_pillars_3, uniq_crazy_yiuf_cottage

Skill      XL: |  1  2 |
---------------+-------+-----
Conjurations   | 2 |  2.0
Dodging        | |  2.8
Stealth        | |  2.8
Spellcasting   | |  4.6
Summonings     | |  1.1
Translocations | |  1.2

Action                   || total
-------------------------++-------
Melee: Dagger            ||     3
 Cast: Magic Dart        ||    46
  Use: Scroll            ||     5
  Eat: Chunk             ||     1
Armor: Robe              ||    10
Dodge: Dodged            ||    19

Table legend:
 A = Spawn XP
 B = Non-spawn XP
 C = Spawn XP percentage of total XP
 D = Spawn monster count
 E = Non-spawn monster count
 F = Spawn count percentage of total count
 G = Total turns spent on level
                    A         B        C        D         E        F      G
               +---------+---------+-------+---------+---------+-------+---------
         Total |       0 |      32 |   0.0 |       0 |      16 |   0.0 |  1209
               +---------+---------+-------+---------+---------+-------+---------
           D:1 |       0 |      13 |   0.0 |       0 |       7 |   0.0 |  1016
           D:2 |       0 |      19 |   0.0 |       0 |       9 |   0.0 |   193
               +---------+---------+-------+---------+---------+-------+---------
